 Dungeon Crawl Stone Soup version 0.31-a0-816-gd61d57ddb1 (webtiles) character file.

Game seed: 10050047135102791923

417 ipx the Chopper (level 6, 0/44 HPs)
             Began as a Demonspawn Gladiator on Sept 23, 2023.
             Was an Initiate of Makhleb.
             Succumbed to Ijyb's poison
             ... on level 5 of the Dungeon.
             The game lasted 00:16:45 (1112 turns).

ipx the Chopper (Demonspawn Gladiator)              Turns: 1112, Time: 00:16:46

Health: 0/44       AC: 14    Str: 16    XL:     6   Next: 61%
Magic:  6/6        EV: 12    Int: 10    God:    Makhleb [......]
Gold:   141        SH:  0    Dex: 14    Spells: 5/5 levels left

rFire   . . .        q - +0 battleaxe
rCold   . . .        (shield currently unavailable)
rNeg    . . .        l - +0 plate armour
rPois   .            c - +0 helmet
rElec   .            (no cloak)
rCorr   .            m - +0 pair of gloves
SInv    .            (no boots)
Will    .....        (no amulet) Stlth
                     e - +5 ring of evasion
HPRegen 1.27/turn    (no ring)
MPRegen 0.10/turn

%: no passive effects
@: lethally poisoned (0 -> -8)
A: hooves 1, repulsion field 1, demonic guardian 1, powered by death 1
a: Renounce Religion


You were on level 5 of the Dungeon.
You worshipped Makhleb.
Makhleb was noncommittal.
You visited 2 branches of the dungeon, and saw 8 of its levels.

You collected 141 gold pieces.

Inventory:

Hand Weapons
 a - a +0 war axe
 q - a +0 battleaxe (weapon)
Missiles
 d - a throwing net (quivered)
 k - a javelin
 r - 11 poisoned darts
Armour
 b - a +0 leather armour
 c - a +0 helmet (worn)
 g - a +0 ring mail
 l - a +0 plate armour (worn)
 m - a +0 pair of gloves (worn)
Jewellery
 e - a +5 ring of evasion (left hand)
Wands
 s - a wand of flame (42)
Scrolls
 h - a scroll of poison
 i - a scroll of amnesia {unknown}
 j - a scroll of butterflies
 n - a scroll of fear {unknown}
 p - 2 scrolls of teleportation
Potions
 f - a potion of enlightenment
 o - 2 potions of haste


   Skills:
 - Level 2.0 Fighting
 + Level 5.4 Axes
 - Level 1.7 Throwing
 + Level 3.9 Armour
 - Level 2.6 Dodging


You had 5 spell levels left.
You didn't know any spells.
Your spell library was empty.

Dungeon Overview and Level Annotations

Branches:
Dungeon (7/15)             Temple (1/1) D:6

Altars:
Cheibriados
Hepliaklqana
Makhleb
Nemelex Xobeh
Okawaru
Qazlal
Ru
Sif Muna
Vehumet
Wu Jian
Xom

Shops:
D:7 =

Annotations:
D:3 3 runed translucent doors, kagamino's ghost, amateur DsRe
D:4 Sigmund
D:6 exclusions: downstairs and 3 killer bees


Innate Abilities, Weirdness & Mutations

You have large cloven feet.
You are surrounded by a mild repulsion field. (EV +2)
A weak demonic guardian rushes to your aid.
You regenerate a little health from kills.


Message History

Ijyb zaps a wand.
The puff of flame hits you but does no damage.
Ijyb struggles against the net.
The net rips apart, and Ijyb comes free!
You closely miss Ijyb.
Ijyb is severely wounded.
You closely miss Ijyb. Your kick misses Ijyb.
Ijyb is severely wounded.
Ijyb hits you with a +2 dagger of venom.
Ijyb hits you but does no damage.
You are poisoned.
You closely miss Ijyb. You kick Ijyb.
Ijyb is severely wounded.
You feel very sick. Ijyb barely misses you.
You barely miss Ijyb. You kick Ijyb, but do no damage.
Ijyb is severely wounded.
You feel sick.
Ijyb hits you with a +2 dagger of venom.
You are more poisoned.
Ijyb hits you with a +2 dagger of venom.
A demonic guardian appears!
You are lethally poisoned!
You closely miss Ijyb. You kick Ijyb.
Ijyb is severely wounded.
You feel extremely sick.
Ijyb zaps a wand.
The puff of flame hits you!
* * * LOW HITPOINT WARNING * * *
Your white imp gestures at Ijyb.
The puff of frost hits Ijyb!
Ijyb dies!
Makhleb accepts your kill.
Okay, then.
Unknown command.
* * * LOW HITPOINT WARNING * * *
You feel very sick.
Things that are here:
a +2 dagger of venom; a +0 leather armour; a wand of flame (22)
s - a wand of flame (42) (gained 22 charges)
You die...

*,**,,,,,,,,*,******,* #
***,##....,,,,,,,,,,,,,* #
*,,,......,,,,.#**********#
*,**,#....,**,..,,,,,,,,,..
*,**>#....,***.#********,##
*,**,##...## *.# *,*#
****,*#.#.....###.# *,**
*,,,,*#........#..### *,**
***,**,,.......@......#
*,**
**,,,**,*##.....5.#.##.#
*,** *,,~,**,*
##.....##.#*,* *,**
*,~~~**,*
##...###.#*,*******,*
*,~*~**,* ####*
#.#*,**,,,,,,* **~~***,*
#.#*,,,,****** *~~,*#,*
#.#***#.# ***,*#.* #.# #.#
#.##.###########.# #.#


You could see a friendly white imp (summoned).

Vanquished Creatures
  Eustachio (D:6)
  A kobold brigand (D:6)
  Blork the orc (D:6)
  A hound (D:5)
  An orc priest (D:6)
  An iguana (D:4)
  An adder (D:6)
  A worm (D:5)
  2 dart slugs
  4 ball pythons
  3 bats
  6 endoplasms
  2 goblins
  2 hobgoblins
  3 kobolds
  A quokka (D:3)
  A frilled lizard (D:3)
  2 rats
34 creatures vanquished.

Vanquished Creatures (collateral kills)
  Ijyb (D:5)
  2 kobolds (D:6)
3 creatures vanquished.

Grand Total: 37 creatures vanquished

Notes
Turn   | Place    | Note
-------+----------+-------------------------------------------
     0 | D:1      | ipx the Demonspawn Gladiator began the quest for the Orb.
     0 | D:1      | Reached XP level 1. HP: 16/16 MP: 1/1
   142 | D:1      | Reached skill level 3 in Axes
   238 | D:2      | Gained mutation: You have large cloven feet. [demonic
                  | ancestry]
   238 | D:2      | Reached XP level 2. HP: 18/22 MP: 2/2
   539 | D:4      | Reached skill level 1 in Armour
   539 | D:4      | Gained mutation: You regenerate a little health from kills.
                  | [demonic ancestry]
   539 | D:4      | Reached XP level 3. HP: 7/27 MP: 3/3
   597 | D:3      | Found a runed translucent gate.
   597 | D:3      | Found a runed translucent gate.
   603 | D:3      | Found a runed translucent gate.
   604 | D:3      | Noticed kagamino's ghost (amateur DsRe)
   699 | D:4      | Noticed a black bear
   728 | D:4      | Noticed Sigmund
   761 | D:5      | Entered Level 5 of the Dungeon
   772 | D:5      | Noticed a black bear
   773 | D:5      | Noticed Ijyb
   825 | D:5      | Reached skill level 4 in Axes
   825 | D:5      | Gained mutation: A weak demonic guardian rushes to your
                  | aid. [demonic ancestry]
   825 | D:5      | Reached XP level 4. HP: 33/33 MP: 4/4
   888 | D:6      | Noticed Blork the orc
   894 | D:6      | Killed Blork the orc
   895 | D:6      | Reached XP level 5. HP: 38/38 MP: 5/5
   919 | D:6      | Reached skill level 5 in Axes
   932 | D:6      | Found a staircase to the Ecumenical Temple.
   935 | Temple   | Entered the Ecumenical Temple
   951 | Temple   | Became a worshipper of Makhleb the Destroyer
   979 | D:7      | Noticed a centaur
   979 | D:7      | Found Ilekhlom's Jewellery Boutique.
  1006 | D:6      | Noticed Eustachio
  1057 | D:6      | Killed Eustachio
  1058 | D:6      | Gained mutation: You are surrounded by a mild repulsion
                  | field. (EV +2) [demonic ancestry]
  1058 | D:6      | Reached XP level 6. HP: 29/44 MP: 6/6
  1110 | D:5      | Killed Ijyb
  1112 | D:5      | Succumbed to Ijyb's poison

Illustrated notes

Levels and vault maps discovered:
D:1:      lemuel_arrival_behind_the_door_small, layout_loops_ring,
          minmay_tetromino_i4
D:2:      layout_basic, minmay_ruptured, uniq_terence
D:3:      layout_basic, biasface_ghost_orc_armoury, minmay_increasing_density
D:4:      layout_gridville, nicolae_uskayaw_dance_hall, minmay_vboxes,
          uniq_duvessa, uniq_sigmund
D:5:      layout_loops_ring, serial_bayou, serial_bayou_ford_a,
          serial_bayou_pond_e, serial_bayou_pond_d, serial_bayou_pond_c,
          uniq_prince_ribbit1, uniq_grinder, uniq_menkaure, uniq_ijyb,
          uniq_edmund
D:6:      layout_loops_ring, general_overflow_altar,
          minmay_temple_entry_proselytizer, uniq_crazy_yiuf_cottage,
          uniq_blork_the_orc, uniq_eustachio
D:7:      layout_rooms, chequers_temple_overflow_statue_of_worship,
          serial_shops, shop, shop, nicolae_shop_window_shopping,
          nicolae_shop_tiny_statue_garden, kennysheep_pointless_box
Temple:   compressed_dpeg_triangle_lava_temple

Skill      XL: |  1  2  3  4  5 |
---------------+----------------+-----
Axes           | 3 4 5 |  5.4
Armour         | 1 2 3 |  3.9
Fighting       | |  2.0
Throwing       | |  1.7
Dodging        | |  2.6

Action                     |  1- 3 |  4- 6 || total
---------------------------+-------+-------++-------
  Melee: War axe           |    75 |    18 ||    93
         Kick              |    13 |    17 ||    30
         Punch             |     1 |       ||     1
         Battleaxe         |       |    54 ||    54
  Throw: Throwing net      |       |     2 ||     2
    Use: Scroll            |     5 |     3 ||     8
   Stab: Held in net/web   |       |     1 ||     1
 Armour: Ring mail         |    11 |       ||    11
         Plate armour      |    29 |    84 ||   113
  Dodge: Dodged            |    33 |    47 ||    80

Table legend: (Time is in decaauts)
 A = Elapsed time spent in this place.
 B = Non-inter-level travel time spent in this place.
 C = Inter-level travel time spent in this place.
 D = Time resting spent in this place.
 E = Time spent auto-exploring this place.
 F = Levels seen in this place.
 G = Mean time per level.
                   A        B        C        D        E       F      G
               +--------+--------+--------+--------+--------+-----+--------+
         Total |   1166 |   1136 |     30 |      0 |      0 |   8 |  145.8 |
       Dungeon |   1134 |   1134 |      0 |      0 |      0 |   7 |  162.0 |
        Temple |     32 |      2 |     30 |      0 |      0 |   1 |   32.0 |
               +--------+--------+--------+--------+--------+-----+--------+

Top non-repeatable levels by time:
     D:1: 306 daAuts
     D:6: 207 daAuts
     D:3: 196 daAuts
     D:4: 159 daAuts
     D:2: 145 daAuts
     D:5: 117 daAuts
  Temple: 32 daAuts
     D:7: 1 daAuts
